 Dungeon Crawl Stone Soup version 0.13-a0-2606-g170388b (webtiles) character file.

437 Kae the Chiller (level 5, -2/28 HPs)
             Began as a Deep Elf Ice Elementalist on Aug 4, 2013.
             Slain by Prince Ribbit (17 damage)
             ... on Level 4 of the Dungeon.
             The game lasted 00:05:50 (2722 turns).

Kae the Chiller (Deep Elf Ice Elementalist)         Turns: 2722, Time: 00:05:50

HP  -2/28        AC  3     Str  7      XL: 5   Next: 76%
MP   0/15        EV 12     Int 19      God:
Gold 202         SH  0     Dex 15      Spells:  2 memorised,  9 levels left

Res.Fire  : . . .   See Invis. : .   o - +0 trident
Res.Cold  : . . .   Warding    : .   a - +0 elf robe (curse)
Life Prot.: . . .   Conserve   : .   (no shield)
Res.Poison: .       Res.Corr.  : .   (no helmet)
Res.Elec. : .       Clarity    : .   (no cloak)
Sust.Abil.: . .     Spirit.Shd : .   (no gloves)
Res.Mut.  : .       Stasis     : .   (no boots)
Res.Rott. : .       Flight     : .   (no amulet)
Saprovore : . . .                    (no ring)
                                     (no ring)

@: drained, slightly resistant to hostile enchantments, fairly stealthy
A: -10% mp, AC +1, Str +1, Int -1
a: no special abilities


You were on level 4 of the Dungeon.
You were hungry.

You visited 1 branch of the dungeon, and saw 4 of its levels.

You collected 182 gold pieces.

Inventory:

Hand weapons
 o - a +0,+0 trident (weapon)
Missiles
 e - 32 darts
 k - a dart of frost (quivered)
Armour
 a - a cursed +0 elven robe (worn)
Magical devices
 d - a wand of frost (10) {unknown}
 t - a wand of digging (11)
Comestibles
 c - 3 bread rations
 s - 2 meat rations
 w - a choko
Scrolls
 f - a scroll of remove curse {unknown}
 h - a scroll of identify
 i - 2 scrolls of noise
 j - 3 scrolls of teleportation
Jewellery
 q - an uncursed amulet of resist corrosion
Books
 b - a book of Frost

   Spells                             Type                      Level
   *Freeze                            Ice                          1
   *Throw Frost                       Conjuration/Ice              2
   Ozocubu's Armour                   Charms/Ice                   3
   Throw Icicle                       Conjuration/Ice              4
   Summon Ice Beast                   Ice/Summoning                4
   Condensation Shield                Ice                          4
 g - a book of Debilitation

   Spells                             Type                      Level
   Corona                             Hexes                        1
   Slow                               Hexes                        2
   Inner Flame                        Hexes/Fire                   3
   Enslavement                        Hexes                        4
   Cause Fear                         Hexes                        4
   Leda's Liquefaction                Hexes/Earth                  4
Magical staves
 u - an uncursed staff of air


   Skills:
 - Level 2.4(2.1) Dodging
 - Level 2.4(2.1) Stealth
 + Level 4.2(3.8) Spellcasting
 * Level 4.0(3.6) Conjurations
 + Level 4.8(4.4) Ice Magic


You had 9 spell levels left.
You knew the following spells:

 Your Spells              Type           Power        Failure   Level  Hunger
a - Freeze                Ice            ###.         1%          1    None
b - Throw Frost           Conj/Ice       ###...       4%          2    #......


Dungeon Overview and Level Annotations

Branches:
Dungeon (4/27)
 Temple: D:4-7

Altars:

Annotations
D:4 Prince Ribbit


Innate Abilities, Weirdness & Mutations

You are partially covered in rugged brown scales (AC +1, +3% HP).
You are dopey (Int -1).
Your magical capacity is low (-10% MP).
Your muscles are strong (Str +1).


Message History

Prince Ribbit closely misses you.
Casting: Freeze
Confirm with . or Enter, or press ? or * to list all spells.
Aiming: Freeze
Press: ? - help, Shift-Dir - straight line, f/p - Prince Ribbit
Aim: Prince Ribbit (severely wounded, moving slowly)
You freeze Prince Ribbit.
Prince Ribbit is severely wounded.
Casting: Freeze
Confirm with . or Enter, or press ? or * to list all spells.
You don't have enough magic to cast that spell.
You closely miss Prince Ribbit.
Prince Ribbit is severely wounded.
Prince Ribbit hits you.
You miss Prince Ribbit.
Prince Ribbit is severely wounded.
Prince Ribbit is no longer moving slowly.
Prince Ribbit hits you!
Ouch! That really hurt!
You die...

#........ #.... #...
#..## #...# #..# #...#
#...# #.[ #..^. #...#
#.# #..#####...#
#.####..........#
####.#.....#####..##
>...............F..#
###.##.....#####@..###
###.###....##........#
......#....##.#.#.!#.#
......#....## #....#.#
......###### #.#....#
......# #.#..#..
......# #..#.#.#.
......# #.. .# #
......# #.. .#


You could see Prince Ribbit.

Vanquished Creatures
  Sigmund (D:2)
  A scorpion (D:3)
  A gnoll (D:1)
  6 adders
  5 giant geckos
  2 oozes
  A ball python (D:2)
  2 giant cockroaches
  6 hobgoblins
  14 jackals
  5 kobolds
  8 bats
  4 giant newts
  8 goblins
  6 rats
70 creatures vanquished.

Notes
Turn   | Place    | Note
--------------------------------------------------------------
     0 | D:1      | Kae, the Deep Elf Ice Elementalist, began the quest for the Orb.
     0 | D:1      | Reached XP level 1. HP: 10/10 MP: 4/4
    55 | D:1      | Reached XP level 2. HP: 3/15 MP: 1/7
   320 | D:1      | Reached skill level 4 in Ice Magic
   402 | D:1      | Learned a level 2 spell: Throw Frost
   638 | D:1      | Reached XP level 3. HP: 19/19 MP: 10/10
  1129 | D:2      | Noticed Sigmund
  1203 | D:2      | Reached XP level 4. HP: 13/24 MP: 10/13
  1538 | D:2      | Killed Sigmund
  1538 | D:2      | Reached XP level 5. HP: 15/28 MP: 16/16
  2379 | D:3      | Gained mutation: You are partially covered in rugged brown scales (AC +1, +3% HP). [potion of mutation]
  2379 | D:3      | Gained mutation: Your muscles are strong (Str +1). [potion of mutation]
  2379 | D:3      | Gained mutation: Your muscles are flexible, but weak (Str -1, Dex +1). [potion of mutation]
  2380 | D:3      | Lost mutation: Your muscles are flexible, but weak (Str -1, Dex +1). [potion of mutation]
  2380 | D:3      | Gained mutation: You are dopey (Int -1). [potion of mutation]
  2380 | D:3      | Gained mutation: Your magical capacity is low (-10% MP). [potion of mutation]
  2701 | D:4      | Noticed Prince Ribbit
  2722 | D:4      | Slain by Prince Ribbit

Action                   |  1- 3 |  4- 6 || total
-------------------------+-------+-------++-------
Melee: Unarmed           |     9 |       ||     9
       Trident           |     3 |    53 ||    56
Throw: Dart              |     5 |       ||     5
 Cast: Freeze            |    55 |    31 ||    86
       Throw Frost       |     2 |    11 ||    13
  Use: Potion            |       |    13 ||    13
       Scroll            |       |     7 ||     7
 Stab: Sleeping          |       |     2 ||     2
